 Dungeon Crawl Stone Soup version 0.31.0-11-ge490571c62 (webtiles) character file.

Game seed: 2610419353332623212

270 Gadfly the Ducker (level 6, 36/47 HPs)
             Began as a Demonspawn Monk on Jan 28, 2024.
             Quit the game on level 4 of the Dungeon.
             The game lasted 00:03:26 (2264 turns).

Gadfly the Ducker (Demonspawn Monk)                 Turns: 2264, Time: 00:03:26

Health: 36/47      AC:  5    Str: 13    XL:     6   Next: 1%
Magic:  6/6        EV: 13    Int: 11    God:
Gold:   136        SH:  0    Dex: 15    Spells: 5/5 levels left

rFire   . .          .
                       - Unarmed
rCold   . . .        c - orb {light}
rNeg    . . .        a - +0 robe
rPois   .            (no helmet)
rElec   .            (no cloak)
rCorr   .            f - +0 pair of gloves
SInv    .            (no boots)
Will    .....        (no amulet)
Stlth   +            (no ring)
HPRegen 0.27/turn    (no ring)
MPRegen 0.20/turn

%: no passive effects
@: glowing
A: hooves 1, thin metallic scales 1, powered by pain 2, magic regeneration
a: no special abilities


You were on level 4 of the Dungeon.
You visited 1 branch of the dungeon, and saw 4 of its levels.

You collected 136 gold pieces.

Inventory:

Armour
 a - a +0 robe (worn)
 c - an orb of light (worn)
 f - a +0 pair of gloves (worn)
Wands
 l - a wand of mindburst (17) (quivered)
Scrolls
 g - 2 scrolls of teleportation
Potions
 b - a potion of ambrosia
 d - a potion of degeneration {unknown}
 e - 2 potions of heal wounds
 h - 2 potions of curing {unknown}
 j - a potion of haste
 k - a potion of berserk rage
 m - a potion of attraction {unknown}


   Skills:
 - Level 3.0 Fighting
 + Level 3.4 Dodging
 + Level 3.4 Unarmed Combat
 * Level 3.2 Evocations
 * Level 2.6 Shapeshifting


You had 5 spell levels left.
You didn't know any spells.
Your spell library contained the following spells:

 Spells                   Type           Power      Damage    Failure   Level
 Static Discharge         Conj/Air       0%         3-3/arc   47%         2
 Tukima's Dance           Hex            0%         N/A       71%         3
 Airstrike                Air            0%         2d(0-16)  98%         4
 Passage of Golubria      Tloc           0%         N/A       98%         4
 Summon Lightning Spire   Summ/Air       0%         N/A       98%         4
 Yara's Violent Unravell  Hex/Alch       0%         3d3       100%        5


Dungeon Overview and Level Annotations

Branches:
Dungeon (4/15)
 Temple: D:4-7

Altars:
Yredelemnul

Shops:
D:1 :


Innate Abilities, Weirdness & Mutations

You have large cloven feet.
You are partially covered in thin metallic scales. (AC +2)
You sometimes gain power by taking damage.
You regenerate magic rapidly.


Message History

You are too injured to fight recklessly!
You are too injured to fight recklessly!
You are too injured to fight recklessly!
You are too injured to fight recklessly!
Unknown command.
Grinder gestures at you. Pain shoots through your body!
* * * LOW HITPOINT WARNING * * *
There is a stone staircase leading up here.
Grinder blinks!
You climb upwards.
There is a stone staircase leading down here.
You start resting.
You flicker for a moment.
You start resting.
You flicker back into view.
You start resting.
HP restored.
You climb downwards.
Level annotation: Grinder Grinder gestures at you.
Pain shoots through your body!
There is a stone staircase leading up here.
Okay, then.
Grinder's mind is blasted!
Grinder's mind is blasted!
Grinder's mind is blasted!!
You blow up Grinder!
Your Evocations skill gained 2 levels and is now at level 3!
Your Shapeshifting skill increases to level 2!
You have reached level 4!
You feel clever.
Your demonic ancestry asserts itself...
You feel energised by your suffering.
You have reached level 5!
Your demonic ancestry asserts itself...
Your magic begins to regenerate rapidly.
You have reached level 6!
Your demonic ancestry asserts itself...
You feel even more energised by your suffering.
Are you sure you want to abandon this character and quit the game? (Confirm with "yes".)

.........###
..........# .
........# ..
#.......#
...####.../...#
#....#......#
#..?.....###
#..@..[...#
#.?.......#
#.......#....#
#.......####.##
##.###### ## ##


There were no monsters in sight!

Vanquished Creatures
  Grinder (D:4)
  An adder (D:2)
  2 dart slugs
  2 ribbon worms
  2 orcs
  4 bats
  2 endoplasms
  3 goblins
  4 hobgoblins
  2 quokkas
  6 ball pythons
  4 frilled lizards
  6 kobolds
  8 rats
47 creatures vanquished.

Notes
Turn   | Place    | Note
-------+----------+-------------------------------------------
     0 | D:1      | Gadfly the Demonspawn Monk began the quest for the Orb.
     0 | D:1      | Reached XP level 1. HP: 18/18 MP: 1/1
   174 | D:1      | Gained mutation: You are partially covered in thin metallic
                  | scales. (AC +2) [demonic ancestry]
   174 | D:1      | Reached XP level 2. HP: 24/24 MP: 2/2
   210 | D:1      | Reached skill level 1 in Evocations
   461 | D:1      | Found Kakhlowe's Book Shop.
   486 | D:1      | Reached skill level 1 in Shapeshifting
   767 | D:2      | Gained mutation: You have large cloven feet. [demonic
                  | ancestry]
   767 | D:2      | Reached XP level 3. HP: 17/29 MP: 3/3
  1723 | D:3      | Found a basalt altar of Yredelemnul.
  2141 | D:4      | Noticed Grinder
  2263 | D:4      | Killed Grinder
  2264 | D:4      | Gained mutation: You sometimes gain a little power by
                  | taking damage. [demonic ancestry]
  2264 | D:4      | Reached XP level 4. HP: 27/35 MP: 4/4
  2264 | D:4      | Gained mutation: You regenerate magic rapidly. [demonic
                  | ancestry]
  2264 | D:4      | Reached XP level 5. HP: 31/41 MP: 5/5
  2264 | D:4      | Gained mutation: You sometimes gain power by taking damage.
                  | [demonic ancestry]
  2264 | D:4      | Reached XP level 6. HP: 36/47 MP: 6/6
  2264 | D:4      | Quit the game

Illustrated notes

Levels and vault maps discovered:
D:1:      eino_arrival_tree_alley, layout_basic, serial_shops,
          nicolae_book_shop_shelving, serial_glass, glass_columns_c,
          glass_columns_a, fountainhead
D:2:      layout_basic
D:3:      layout_basic, mainiacjoe_overflow_boulevard
D:4:      layout_cave_pools, minmay_temple_entry_mini_moons,
          serial_column_ruins, column_ruins_square_large,
          column_ruins_columns_straight, column_ruins_open_tiny,
          column_ruins_open_small, uniq_grinder

Skill      XL: |  1  2  3 |
---------------+----------+-----
Evocations     | 1 3 |  3.2
Shapeshifting  | 1 2 |  2.6
Dodging        | 3 |  3.4
Unarmed Combat | 3 |  3.4
Fighting       | |  3.0

Action                     |  1- 3 |  4- 6 || total
---------------------------+-------+-------++-------
  Melee: Unarmed           |   138 |       ||   138
         Kick              |    19 |       ||    19
  Evoke: Wand              |     3 |       ||     3
    Use: Scroll            |     4 |       ||     4
         Potion            |     3 |       ||     3
 Armour: Robe              |    66 |       ||    66
  Dodge: Dodged            |    89 |       ||    89
